 Dungeon Crawl Stone Soup version 0.25.0-9-g26727b657a (webtiles) character file.

Game seed: 16502191191290968704

419 mopl the Conjurer (level 6, -3/49 HPs)
             Began as a Naga Conjurer on June 18, 2020.
             Slain by an orc priest
             ... wielding a +0 short sword
              (8 damage)
             ... on level 4 of the Dungeon.
             The game lasted 00:06:24 (2296 turns).

mopl the Conjurer (Naga Conjurer)                   Turns: 2296, Time: 00:06:24

Health: -3/49      AC:  4    Str: 10    XL:     6   Next: 93%
Magic:  0/12       EV: 10    Int: 17    God:
Gold:   70         SH:  0    Dex: 12    Spells: 2/13 levels left

rFire    . . .     SeeInvis +   t - staff of earth
rCold    . . .     Gourm    .   (no shield)
rNeg     . . .     Faith    .   a - +0 robe
rPois    +         Spirit   .   (no helmet)
rElec    .         Reflect  .   f - +0 cloak
rCorr    .         Harm     .   (no gloves)
MR       .....                  (no barding)
Stlth    ++........             (no amulet)
HPRegen  0.16/turn              h - ring of wizardry
MPRegen  0.13/turn              (no ring)

@: short of breath, very slow
A: large, see invisible, deformed body, poison resistance, slowness 2, slow
metabolism 1, spit poison 1, AC +2
a: Spit Poison


You were on level 4 of the Dungeon.
You were hungry.

You visited 1 branch of the dungeon, and saw 4 of its levels.

You collected 70 gold pieces.

Inventory:

Hand Weapons
 e - a +0 dagger
Missiles
 i - 22 poisoned darts (quivered)
 o - 2 curare-tipped darts
Armour
 a - a +0 robe (worn)
 f - a +0 cloak (worn)
 j - a +2 leather armour of poison resistance
Magical Staves
 t - an uncursed staff of earth (weapon)
Jewellery
 h - a ring of wizardry (left hand)
Scrolls
 b - a scroll of fear {unknown}
 d - a scroll of blinking {unknown}
 k - 2 scrolls of remove curse {unknown}
 n - a scroll of noise {unknown}
 q - a scroll of teleportation {unknown}
 s - a scroll of enchant armour {unknown}
Potions
 g - a potion of ambrosia
 l - a potion of brilliance
 p - a potion of cancellation {unknown}
 r - 2 potions of curing
Comestibles
 c - 4 rations
 m - 4 chunks of flesh


   Skills:
 - Level 1.5 Dodging
 - Level 3.0 Stealth
 * Level 4.4 Spellcasting
 * Level 6.0 Conjurations
 + Level 2.1 Hexes
 + Level 1.0 Translocations


You had 2 spell levels left.
You knew the following spells:

 Your Spells              Type           Power        Failure   Level  Hunger
a - Magic Dart            Conj           ###.         1%          1    None
b - Searing Ray           Conj           ###...       1%          2    ##.....
c - Fulminant Prism       Conj/Hex       ###.......   12%         4    ####...
d - Iskenderun's Mystic   Conj/Tloc      ###.....     14%         4    ####...

Your spell library contained the following spells:

 Spells                   Type           Power        Failure   Level  Hunger
 Dazzling Flash           Conj/Hex       ###...       3%          3    ###....


Dungeon Overview and Level Annotations

Branches:
Dungeon (4/15)
 Temple: D:4-7

Altars:
Ru


Innate Abilities, Weirdness & Mutations

You cannot wear boots.
Your serpentine skin is tough. (AC +2)
You have supernaturally acute eyesight. (SInv)
Armour fits poorly on your strangely shaped body.
Your system is resistant to poisons. (rPois)
You cover ground very slowly.
You have a slow metabolism.
You can spit poison.


Message History

The searing ray hits the orc priest!
The orc priest is heavily wounded. (Press . to maintain the ray.)
The orc hits you.
The searing ray hits the orc!
You kill the orc!
The searing ray hits the orc priest.
The orc priest is severely wounded.
The orc hits you.
* * * LOW HITPOINT WARNING * * *
The searing ray misses the orc priest.
The orc barely misses you.
The orc priest hits you with a +0 short sword.
* * * LOW HITPOINT WARNING * * *
Press: ? - help, Shift-Dir - straight line, f/p - orc priest
Aim: an orc priest, wielding a +0 short sword and wearing a +0 leather armour (severely wounded)
The splash of poison hits the orc priest but does no damage.
The orc priest is severely wounded.
You feel slightly more hungry. The orc misses you.
The orc priest hits you with a +0 short sword!
You die...

##..## ##.#
###..## .)...##
##...##
........#
##..###
........##
##..##
.........###..##
.........#...##
.........o..##
.........o@##
.........###
#........##
..........###
.###........##
##........#
##.)...#...
#......###.
#......##


You could see an orc priest and an orc.

Vanquished Creatures
  An ogre (D:4)
  2 hounds (D:4)
  An orc wizard (D:4)
  Natasha (thrice) (D:3)
  A worker ant (D:3)
  2 adders (D:3)
  3 gnolls (D:3)
  4 worms (D:2)
  3 dart slugs
  4 leopard geckos (D:2)
  7 orcs
  6 bats
  2 giant cockroaches (D:2)
  6 goblins
  9 hobgoblins
  3 jackals (D:4)
  A quokka (D:4)
  5 frilled lizards
  10 kobolds
  8 rats
81 creatures vanquished.

Notes
Turn   | Place    | Note
-------+----------+-------------------------------------------
     0 | D:1      | mopl the Naga Conjurer began the quest for the Orb.
     0 | D:1      | Reached XP level 1. HP: 15/15 MP: 3/3
   106 | D:1      | Reached XP level 2. HP: 22/22 MP: 5/5
   114 | D:1      | Learned a level 2 spell: Searing Ray
   685 | D:2      | Reached XP level 3. HP: 27/28 MP: 4/7
  1136 | D:2      | Reached XP level 4. HP: 30/36 MP: 1/8
  1142 | D:2      | Learned a level 4 spell: Fulminant Prism
  1490 | D:3      | Reached skill level 5 in Conjurations
  1585 | D:3      | Noticed Natasha
  1590 | D:3      | Killed Natasha
  1590 | D:3      | Reached skill level 1 in Hexes
  1590 | D:3      | Reached XP level 5. HP: 36/42 MP: 6/10
  1600 | D:3      | Found a sacrificial altar of Ru.
  1725 | D:3      | Noticed Natasha
  1729 | D:3      | Killed Natasha
  1840 | D:3      | Noticed Natasha
  1843 | D:3      | Killed Natasha
  1843 | D:3      | Reached XP level 6. HP: 49/49 MP: 5/11
  2047 | D:3      | Learned a level 4 spell: Iskenderun's Mystic Blast
  2293 | D:4      | Reached skill level 6 in Conjurations
  2293 | D:4      | Reached skill level 1 in Translocations
  2296 | D:4      | Slain by an orc priest

Illustrated notes

Levels and vault maps discovered:
D:1:      matt_arrival_los_fun, layout_basic, hangedman_feature_mirror
D:2:      layout_basic, first_ration, kennysheep_cross_room, grunt_ministairs_9
D:3:      layout_rooms, hangedman_ru_absence, uniq_natasha
D:4:      layout_cave_pods, grunt_gozag_breadcrumbs

Skill      XL: |  1  2  3  4  5  6 |
---------------+-------------------+-----
Spellcasting   | 3 4 |  4.4
Conjurations   | 5 6 |  6.0
Hexes          | 1 2 |  2.1
Translocations | 1 |  1.0
Dodging        | |  1.5
Stealth        | |  3.0

Action                   |  1- 3 |  4- 6 || total
-------------------------+-------+-------++-------
Melee: Dagger            |    37 |    46 ||    83
Throw: Dart              |     5 |       ||     5
 Cast: Magic Dart        |    25 |     3 ||    28
       Searing Ray       |     5 |    13 ||    18
 Abil: Spit Poison       |    26 |    13 ||    39
  Use: Scroll            |       |     2 ||     2
       Potion            |       |     1 ||     1
 Stab: Sleeping          |     4 |     4 ||     8
  Eat: Chunk             |     2 |     4 ||     6
Armor: Robe              |    27 |    31 ||    58
Dodge: Dodged            |    32 |    47 ||    79
